 Dungeon Crawl Stone Soup version 0.29-a0-998-g1987434951 (webtiles) character file.

Game seed: 808516531757964964

1320 gelatine the Grappler (level 8, -2/63 HPs)
             Began as a Ghoul Gladiator on Aug 6, 2022.
             Was a Priest of Makhleb.
             Killed from afar by Maggie (15 damage)
             ... with a bolt of fire
             ... on level 6 of the Dungeon.
             The game lasted 00:20:04 (7221 turns).

gelatine the Grappler (Ghoul Gladiator)             Turns: 7221, Time: 00:20:05

Health: -2/63      AC: 13    Str: 20    XL:     8   Next: 59%
Magic:  0/7        EV:  8    Int:  3    God:    Makhleb [***...]
Gold:   421        SH:  4    Dex: 10    Spells: 7/7 levels left

rFire   . . .      SeeInvis +     - Unarmed
rCold   + . .      Faith    .   p - +0 buckler
rNeg    + + +      Spirit   +   j - +0 chain mail
rPois   ∞          Reflect  .   b - +1 helmet
rElec   .          Harm     .   (no cloak)
rCorr   .          Rampage  .   (no gloves)
Will    .....                   o - +1 pair of boots
Stlth   ..........              i - amulet of guardian spirit
HPRegen 0.00/turn               e - ring of see invisible
MPRegen 0.10/turn               (no ring)

@: about to teleport, inhibited regen
A: claws 1, cold resistance 1, negative energy resistance 3, inhibited
regeneration, torment resistance 2, devour on kill
a: Renounce Religion, Minor Destruction, Lesser Servant of Makhleb


You were on level 6 of the Dungeon.
You worshipped Makhleb.
Makhleb was most pleased with you.
You visited 1 branch of the dungeon, and saw 6 of its levels.
You also visited: Sewer.

You collected 421 gold pieces.

Inventory:

Hand Weapons
 f - a +1 dagger of speed
 l - a +0 dagger of protection
 u - a +0 dagger
Missiles
 d - 5 javelins
 s - 7 poisoned darts (quivered)
 v - 2 throwing nets
Armour
 b - a +1 helmet (worn)
 j - a +0 chain mail (worn)
 o - a +1 pair of boots (worn)
 p - a +0 buckler (worn)
Jewellery
 e - a ring of see invisible (left claw)
 i - an amulet of guardian spirit (around neck)
 m - a ring of flight
Wands
 c - a wand of polymorph (5)
Scrolls
 g - 5 scrolls of teleportation
 h - 2 scrolls of enchant weapon
 r - 2 scrolls of blinking
 t - 3 scrolls of butterflies {unknown}
 w - 2 scrolls of magic mapping
 x - a scroll of poison {unknown}
Potions
 a - 8 potions of curing {unknown}
 k - a potion of ambrosia
 n - 2 potions of haste
 z - a potion of attraction {unknown}


   Skills:
 + Level 3.5 Fighting
 + Level 2.0 Throwing
 + Level 3.8 Armour
 + Level 4.0 Dodging
 + Level 1.0 Stealth
 + Level 2.4 Shields
 + Level 8.7 Unarmed Combat


You had 7 spell levels left.
You didn't know any spells.
Your spell library contained the following spells:

 Spells                   Type           Power      Damage    Failure   Level
 Conjure Flame            Conj/Fire      0%         6-21      100%        3
 Ignite Poison            Fire/Tmut/Pois 0%         N/A       100%        3
 Summon Guardian Golem    Hex/Summ       0%         N/A       100%        3
 Petrify                  Tmut/Erth      0%         N/A       100%        4
 Sticky Flame             Conj/Fire      0%         2d3       100%        4
 Summon Ice Beast         Ice/Summ       0%         N/A       100%        4
 Orb of Destruction       Conj           0%         9d5       100%        7
 Spellforged Servitor     Conj/Summ      0%         N/A       100%        7
 Ice Form                 Ice/Tmut       Unusable   N/A       N/A         4
 Necromutation            Tmut/Necr      Unusable   N/A       N/A         8

Dungeon Overview and Level Annotations

Branches:
Dungeon (6/15)             Temple (0/1) D:5           Sewer (visited)

Altars:
Cheibriados
Hepliaklqana
Kikubaaqudgha
Makhleb
Vehumet
Wu Jian

Annotations:
D:6 Maggie


Innate Abilities, Weirdness & Mutations

You are immune to poison.
You have sharp fingernails.
Your flesh is cold resistant. (rC+)
You are immune to negative energy. (rN+++)
You do not regenerate when monsters are visible.
You are immune to unholy pain and torment.
You thrive by killing the living.


Message History

Maggie hits you with a +0 broad axe!
You scratch Maggie.
Maggie is moderately wounded.
Maggie mumbles some strange words.
Maggie attempts to bespell you! You resist with some effort.
You claw Maggie!
Maggie is moderately wounded.
Maggie hits you with a +0 broad axe!
You claw Maggie!
Maggie is heavily wounded.
Maggie practices a pose.
Maggie hits you with a +0 broad axe.
You closely miss Maggie.
Maggie is heavily wounded.
Maggie hits you with a +0 broad axe!
You scratch Maggie but do no damage.
Maggie is heavily wounded.
Maggie casts a spell at you. The bolt of fire misses you.
You claw Maggie!
Maggie is severely wounded.
You scratch Maggie.
Maggie is severely wounded.
Maggie gestures wildly while chanting.
Maggie attempts to bespell you!
You easily resist.
You claw Maggie!
Maggie is severely wounded.
Maggie hits you with a +0 broad axe!
You scratch Maggie but do no damage.
Maggie is severely wounded.
Maggie hits you with a +0 broad axe!
* * * LOW HITPOINT WARNING * * *
Blink to where?
Press: ? - help, Q - select action, (/) - cycle Dir - move target
As you read the scroll of blinking, it crumbles to dust.
As you read the scroll of teleportation, it crumbles to dust.
You feel strangely unstable. Maggie gestures at you while chanting.
The bolt of fire hits you!
You die...

#..........>#......#
#...........#......#
#...........#......#
#.....#####+#.....!#
#.....##....#......#
#......#....#......#
#......#....#......#
#.....##....####'####+#
#...).##...@##........#
#.............@.......#
#...........##....#####
##....##....##....#
#....##....##....#
............#.....#
.............#.....#
#####################


You could see Maggie.

Vanquished Creatures
  2 black bears (D:4)
  2 phantoms
  A centaur (D:6)
  2 bullfrogs (Sewer)
  A scorpion (D:6)
  A howler monkey (D:5)
  A hound (D:6)
  2 orc priests
  3 jellies
  3 iguanas
  An orc wizard (D:4)
  Robin (D:3)
  9 gnolls
  11 adders
  An ufetubus (D:6)
  2 worms
  2 dart slugs
  9 orcs
  3 bats
  10 endoplasms
  13 giant cockroaches
  42 goblins
  32 hobgoblins
  7 jackals
  6 kobolds
  9 quokkas
  11 ball pythons
  9 frilled lizards
  6 rats
202 creatures vanquished.

Notes
Turn   | Place    | Note
-------+----------+-------------------------------------------
     0 | D:1      | gelatine the Ghoul Gladiator began the quest for the Orb.
     0 | D:1      | Reached XP level 1. HP: 17/17 MP: 0/0
    82 | D:1      | Reached XP level 2. HP: 24/24 MP: 1/1
   712 | D:1      | Reached XP level 3. HP: 24/30 MP: 2/2
  1077 | D:2      | Found a faded altar of an unknown god.
  1259 | D:2      | Reached skill level 4 in Unarmed Combat
  1461 | D:2      | Reached XP level 4. HP: 37/37 MP: 3/3
  2051 | D:3      | Found a glowing drain.
  2093 | D:3      | Reached skill level 1 in Armour
  2122 | Sewer    | Entered a sewer
  2167 | Sewer    | Reached XP level 5. HP: 44/44 MP: 4/4
  2374 | Sewer    | Reached skill level 5 in Unarmed Combat
  2594 | Sewer    | Reached XP level 6. HP: 26/51 MP: 5/5
  2595 | Sewer    | Got Plog's Verses on Hiemal Shapes
  3009 | D:3      | Found a burning altar of Makhleb.
  3016 | D:3      | Became a worshipper of Makhleb the Destroyer
  3059 | D:3      | Found a hazy altar of Hepliaklqana.
  3066 | D:3      | Found a snail-covered altar of Cheibriados.
  3097 | D:3      | Found an ornate altar of the Wu Jian Council.
  3523 | D:3      | Noticed Robin
  3549 | D:3      | Killed Robin
  3550 | D:3      | Reached skill level 1 in Shields
  3837 | D:4      | Reached skill level 6 in Unarmed Combat
  3891 | D:4      | Noticed a black bear
  3902 | D:4      | Killed a black bear
  3903 | D:4      | Reached XP level 7. HP: 48/57 MP: 4/6
  4237 | D:4      | Reached * piety under Makhleb
  4472 | D:4      | Found a radiant altar of Vehumet.
  4573 | D:4      | Reached skill level 7 in Unarmed Combat
  5099 | D:4      | Reached ** piety under Makhleb
  5163 | D:4      | Reached skill level 1 in Stealth
  5606 | D:4      | Found an ancient bone altar of Kikubaaqudgha.
  5913 | D:5      | Entered Level 5 of the Dungeon
  5994 | D:5      | Reached XP level 8. HP: 63/63 MP: 7/7
  6138 | D:5      | Reached skill level 8 in Unarmed Combat
  6454 | D:5      | Found a staircase to the Ecumenical Temple.
  6621 | D:6      | Reached *** piety under Makhleb
  7202 | D:6      | Noticed Maggie
  7221 | D:6      | Killed from afar by Maggie

Illustrated notes

Levels and vault maps discovered:
D:1:      dpeg_arrival_signposts, layout_basic, chequers_jeans,
          chequers_serial_rivers_micro_a, minmay_pentomino_s4
D:2:      kennysheep_six_static_rooms, layout_basic,
          chequers_ecumenical_altar_twisty
D:3:      kennysheep_goblin_castle, layout_basic, bloody_makhleb,
          grunt_temple_overflow_cloverleaf, gup_sewer_entry_glass
D:4:      minmay_goblin_kobold_castle, layout_cave_pods,
          mainiacjoe_overflow_tiny_flanked, mainiacjoe_overflow_cross_hatched
D:5:      layout_loops_ring, amcnicky_altar_gilded,
          minmay_temple_entry_junction, chequers_serial_rivers_small_b
D:6:      layout_gridville, uniq_maggie

Skill      XL: |  1  2  3  4  5  6  7  8 |
---------------+-------------------------+-----
Dodging        | 3 4 |  4.0
Unarmed Combat | 4 5 6 7 8 |  8.7
Armour         | 1 2 3 |  3.8
Fighting       | 3 |  3.5
Shields        | 1 2 |  2.4
Throwing       | 2 |  2.0
Stealth        | 1 |  1.0

Action                   |  1- 3 |  4- 6 |  7- 9 || total
-------------------------+-------+-------+-------++-------
Melee: Unarmed           |    98 |   256 |   289 ||   643
Throw: Throwing net      |       |     3 |       ||     3
       Javelin           |       |     2 |       ||     2
  Use: Scroll            |       |     6 |     7 ||    13
       Potion            |       |       |     1 ||     1
Armor: Leather armour    |    23 |       |       ||    23
       Scale mail        |    11 |   150 |   119 ||   280
       Chain mail        |       |       |    41 ||    41
Dodge: Dodged            |    68 |   180 |   174 ||   422
Block: Buckler           |     5 |    36 |    48 ||    89

Table legend: (Time is in decaauts)
 A = Elapsed time spent in this place.
 B = Non-inter-level travel time spent in this place.
 C = Inter-level travel time spent in this place.
 D = Time resting spent in this place.
 E = Time spent auto-exploring this place.
 F = Levels seen in this place.
 G = Mean time per level.
                   A        B        C        D        E       F      G
               +--------+--------+--------+--------+--------+-----+--------+
         Total |   7297 |   7069 |    228 |    267 |   4945 |   7 | 1042.4 |
       Dungeon |   6364 |   6136 |    228 |    117 |   4500 |   6 | 1060.7 |
         Sewer |    933 |    933 |      0 |    150 |    445 |   1 |  933.0 |
               +--------+--------+--------+--------+--------+-----+--------+

Top non-repeatable levels by time:
     D:4: 2090 daAuts
     D:2: 1035 daAuts
     D:1: 971 daAuts
     D:3: 968 daAuts
   Sewer: 933 daAuts
     D:5: 689 daAuts
     D:6: 610 daAuts
